 Dungeon Crawl Stone Soup version 0.32-a0-768-g0f6f1dd4b9 (webtiles) character file.

Game seed: 3261360935333008477

2981 Griffin23 the Carver (level 9, 0/81 HPs)
             Began as a Minotaur Fighter on Mar 18, 2024.
             Was a Plaything of Xom.
             Slain by an orc warrior
             ... wielding a +2 trident of distortion
              (7 damage)
             ... on level 8 of the Dungeon.
             The game lasted 00:17:38 (9274 turns).

Griffin23 the Carver (Minotaur Fighter)             Turns: 9274, Time: 00:17:39

Health: 0/81       AC: 16    Str: 24    XL:     9   Next: 53%
Magic:  8/8        EV:  6    Int:  4    God:    Xom [....*.]
Gold:   473        SH:  6    Dex: 14    Spells: 8/8 levels left

rFire   . . .        t - +0 long sword (holy)
rCold   . . .        c - +0 buckler
rNeg    . . .        u - +0 plate armour
rPois   +            (helmet restricted)
rElec   .            i - +0 cloak
rCorr   .            (no gloves)
SInv    .            q - +0 pair of boots
Will    .....        (no amulet) Stlth
                     (no ring)
HPRegen 0.33/turn    (no ring)
MPRegen 0.11/turn

%: clarity
@: about to teleport, attractive
A: horns 2, retaliatory headbutt, agile 1, clarity, poison resistance, wild
magic 1
a: Renounce Religion


You were on level 8 of the Dungeon.
You worshipped Xom.
You were a beloved toy of Xom.
You visited 2 branches of the dungeon, and saw 9 of its levels.

You collected 473 gold pieces.

Inventory:

Hand Weapons
 a - a +0 long sword
 t - a +0 long sword of holy wrath (weapon)
Armour
 b - a +0 scale mail
 c - a +0 buckler (worn)
 i - a +0 cloak (worn)
 q - a +0 pair of boots (worn)
 r - a +0 chain mail
 u - a +0 plate armour (worn)
Wands
 p - a wand of mindburst (23)
Scrolls
 e - a scroll of identify {unknown}
 g - a scroll of amnesia {unknown}
 j - a scroll of enchant weapon {unknown}
 k - a scroll of fear {unknown}
 n - a scroll of vulnerability {unknown}
 v - 2 scrolls of poison {unknown}
 y - a scroll of immolation
 z - 2 scrolls of fog {unknown}
Potions
 d - a potion of resistance {unknown}
 f - a potion of mutation {unknown}
 h - a potion of ambrosia {unknown}
 l - a potion of brilliance {unknown}
 m - 2 potions of attraction
 o - 2 potions of enlightenment {unknown}
 s - a potion of curing {unknown}
 w - a potion of degeneration {unknown}


   Skills:
 + Level 8.0 Fighting
 * Level 10.3 Long Blades
 + Level 8.0 Armour
 + Level 8.0 Shields


You had 8 spell levels left.
You didn't know any spells.
Your spell library contained the following spells:

 Spells                   Type           Power      Damage    Failure   Level
 Gell's Gravitas          Tloc           0%         N/A       100%        3
 Teleport Other           Tloc           0%         N/A       100%        3
 Dispersal                Tloc           0%         N/A       100%        6


Dungeon Overview and Level Annotations

Branches:
Dungeon (8/15)             Temple (1/1) D:4
   Lair: D:8-11

Altars:
Ashenzari
Cheibriados
Dithmenos
Elyvilon
Fedhas
Gozag
Hepliaklqana
Kikubaaqudgha
Makhleb
Nemelex Xobeh
Okawaru
Qazlal
Ru
Trog
Vehumet
Wu Jian
Xom
Zin
The Shining One


Innate Abilities, Weirdness & Mutations

You have a pair of horns on your head.
You reflexively headbutt those who attack you in melee.
You are agile. (Dex +4, Str/Int -1)
You possess an exceptional clarity of mind.
Your system is resistant to poisons. (rPois)
Your spells are a little harder to cast, but a little more powerful.


Message History

The orc warrior is lightly wounded.
You block the orc warrior's attack.
You hit the orc warrior but do no damage.
The orc warrior is lightly wounded.
The orc warrior hits you with a +2 trident of distortion!
You blink.
You are too injured to fight recklessly!
You are too injured to fight recklessly!
You are too injured to fight recklessly!
You are too injured to fight recklessly!
You are too injured to fight recklessly!
You hit the orc warrior.
The orc warrior is moderately wounded.
The orc warrior hits you with a +2 trident of distortion!
* * * LOW HITPOINT WARNING * * *
You blink.
The orc warrior hits you with a +2 trident of distortion.
* * * LOW HITPOINT WARNING * * *
Space warps horribly around you!!
You die... "Oh, no, you don't!"
Xom revives you!
As you read the scroll of teleportation, it crumbles to dust.
You feel strangely unstable.
The orc warrior hits you but does no damage.
You barely miss the orc warrior.
The orc warrior is moderately wounded.
You block the orc warrior's attack.
You barely miss the orc warrior.
The orc warrior is moderately wounded.
The orc warrior hits you but does no damage.
Space warps horribly around you!
* * * LOW HITPOINT WARNING * * *
Okay, then.
It was a potion of attraction.
You feel attractive to monsters.
Xom roars with laughter!
The orc warrior hits you but does no damage.
Space warps around you!
You die...

#.....[....# #........#
#........# #..K.K...####.
#...KKK5......
#....K.)o############
#.....Ko5# #.......#
#.......†####.......#
#........##.)...@...#
#.......)[..#..o....#
###..####.###.......##########.
##. #.# #######...#)....... #$
#.# #.[.))######## ## ..#
#...#)<....... ###
############..


You could see an orc warrior.

Vanquished Creatures
  The ghost of gimp the Shooter, a novice CoHu (D:4)
  Grinder (D:3)
  Menkaure (D:7)
  An orc warrior (D:6)
  An ice beast (D:7)
  A centaur (D:7)
  6 ogres
  2 kobold brigands
  A bullfrog (D:7)
  4 scorpions
  3 wights (D:8)
  2 howler monkeys (D:8)
  A bombardier beetle (D:6)
  7 hounds
  An orc priest (D:5)
  A jelly (D:4)
  A sleepcap (D:5)
  3 iguanas
  4 orc wizards
  10 adders
  7 gnolls
  2 shadow imps
  A white imp (D:7)
  4 ufetubi
  3 dart slugs
  27 orcs
  An endoplasm (D:2)
  2 giant cockroaches
  6 goblins
  8 hobgoblins
  7 jackals
  6 quokkas
  11 ball pythons
  9 bats
  4 frilled lizards
  11 kobolds
  7 rats
168 creatures vanquished.

Vanquished Creatures (collateral kills)
  A howler monkey (D:8)
  A hound (D:4)
  A jelly (D:8)
  2 orcs (D:8)
5 creatures vanquished.

Vanquished Creatures (others)
  3 kobolds (D:8)
3 creatures vanquished.

Grand Total: 176 creatures vanquished

Notes
Turn   | Place    | Note
-------+----------+-------------------------------------------
     0 | D:1      | Griffin23 the Minotaur Fighter began the quest for the Orb.
     0 | D:1      | Reached XP level 1. HP: 19/19 MP: 0/0
   142 | D:1      | Reached XP level 2. HP: 24/27 MP: 1/1
   276 | D:1      | Found a faded altar of an unknown god.
   285 | D:1      | Prayed at the altar of an unknown god.
   285 | D:1      | Became a worshipper of Xom the Fickle
   544 | D:1      | XOM: silly message
   921 | D:2      | XOM: stealth player
   996 | D:2      | XOM: scenery: summon butterflies
  1005 | D:2      | Reached skill level 3 in Long Blades
  1104 | D:2      | Reached XP level 3. HP: 33/33 MP: 2/2
  1116 | D:2      | XOM: god gift: scroll labelled YPNISIM DOTTASM {god gift}
  1754 | D:3      | XOM: 1-stop teleportation journey
  1812 | D:3      | Found a blossoming altar of Fedhas.
  1829 | D:3      | Reached XP level 4. HP: 20/40 MP: 3/3
  1962 | D:3      | Found a sparkling altar of Nemelex Xobeh.
  1967 | D:3      | XOM: cloud trail
  1979 | D:3      | Noticed Grinder
  1992 | D:3      | Killed Grinder
  1993 | D:3      | Reached skill level 5 in Long Blades
  1993 | D:3      | Reached XP level 5. HP: 7/47 MP: 4/4
  1993 | D:3      | Reached XP level 6. HP: 8/55 MP: 5/5
  2293 | D:3      | Reached skill level 5 in Shields
  2304 | D:3      | Reached skill level 5 in Armour
  2368 | D:3      | XOM: 3-stop teleportation journey
  2413 | D:3      | Reached skill level 5 in Fighting
  2582 | D:3      | Found a glowing silver altar of Zin.
  2582 | D:3      | Noticed an angel
  3022 | D:4      | Noticed gimp's ghost (novice CoHu)
  3025 | D:4      | Found a transporter.
  3025 | D:4      | Identified the +9 giant spiked club of the Desert {speed,
                  | ^Drain rPois rN+ rCorr}
  3031 | D:4      | Found a transporter.
  3095 | D:4      | Found a hazy altar of Hepliaklqana.
  3262 | D:4      | Killed gimp's ghost
  3263 | D:4      | Reached skill level 6 in Long Blades
  3263 | D:4      | Reached XP level 7. HP: 54/61 MP: 6/6
  3318 | D:4      | XOM: butterfly on damage
  3509 | D:4      | XOM: silly message
  3511 | D:4      | XOM: butterfly on damage
  3701 | D:5      | Entered Level 5 of the Dungeon
  3786 | D:5      | XOM: confuse monster(s)
  3791 | D:5      | Reached skill level 7 in Long Blades
  3807 | D:5      | XOM: noise
  3825 | D:5      | XOM: enchant monster (bad)
  3827 | D:5      | Reached XP level 8. HP: 46/70 MP: 7/7
  3827 | D:5      | XOM: enchant monster (good)
  3851 | D:5      | HP: 3/71 [orc wizard/puff of flame (4)]
  3931 | D:4      | XOM: 3-stop teleportation journey
  3936 | D:4      | XOM: summons friendly quasit
  3938 | D:4      | Found a staircase to the Ecumenical Temple.
  3943 | Temple   | Found a transporter.
  3943 | Temple   | Found a transporter.
  3943 | Temple   | Found a transporter.
  3943 | Temple   | Found a transporter.
  3943 | Temple   | Entered the Ecumenical Temple
  4339 | Temple   | Reached skill level 8 in Long Blades
  4392 | Temple   | XOM: noise
  4432 | Temple   | XOM is BORED!
  4432 | Temple   | XOM: noise
  5084 | D:4      | XOM is BORED!
  5230 | D:5      | XOM: silly message
  5541 | D:5      | XOM: silly message
  5668 | D:5      | XOM: 10-stop teleportation journey
  6224 | D:6      | XOM: cleaving
  6232 | D:6      | XOM: potion effect (invisibility)
  6548 | D:6      | XOM: smoke on damage
  6549 | D:6      | Reached skill level 9 in Long Blades
  6549 | D:6      | Found an opulent altar of Gozag.
  7148 | D:6      | Found an ornate altar of the Wu Jian Council.
  7151 | D:6      | Found a sacrificial altar of Ru.
  7169 | D:6      | XOM: divination: magic mapping
  7206 | D:6      | Reached XP level 9. HP: 79/79 MP: 8/8
  7550 | D:6      | XOM: cloud trail
  7938 | D:7      | XOM: scenery: 1 doors open
  7972 | D:7      | XOM: give mutations
  7972 | D:7      | Gained mutation: Your spells are a little harder to cast,
                  | but a little more powerful. [Xom's grace]
  7972 | D:7      | Gained mutation: You possess an exceptional clarity of
                  | mind. [Xom's grace]
  7972 | D:7      | Gained mutation: Your system is resistant to poisons.
                  | (rPois) [Xom's grace]
  8056 | D:7      | XOM: cast spell 'Animate Armour'
  8300 | D:7      | Noticed Menkaure
  8310 | D:7      | Killed Menkaure
  8450 | D:7      | Found a shadowy altar of Dithmenos.
  8792 | D:8      | Reached skill level 10 in Long Blades
  8802 | D:8      | XOM: summons 4 friendly demons
  8926 | D:7      | XOM: 1-stop teleportation journey
  9206 | D:8      | XOM: scenery: summon butterflies
  9242 | D:7      | XOM is BORED!
  9242 | D:7      | XOM: give mutations
  9242 | D:7      | Gained mutation: You are agile. (Dex +4, Str/Int -1) [Xom's
                  | mischief]
  9242 | D:7      | Gained mutation: You have a pair of large horns on your
                  | head. [Xom's mischief]
  9242 | D:7      | Lost mutation: You have a pair of large horns on your head.
                  | [Xom's mischief]
  9253 | D:8      | XOM: destruction
  9270 | D:8      | Xom revived you
  9274 | D:8      | Slain by an orc warrior

Illustrated notes

Levels and vault maps discovered:
D:1:      wander_arrival_lonely_grave, layout_basic,
          ebering_ecumenical_altar_ruins, serial_forest,
          infiniplex_forest_lined_2, infiniplex_forest_clump_diagonal,
          infiniplex_forest_corner_1, infiniplex_forest_lined_2,
          infiniplex_forest_lined_ring, infiniplex_forest_corner_1
D:2:      layout_loops_ring, grunt_ministairs_7
D:3:      layout_basic, fedhas_ov_isle_minmay, zin_angel,
          nemelex_spade_bored_becter, cheibrodos_gnoll_hut, uniq_grinder
D:4:      layout_basic, kennysheep_mini_moat, minmay_temple_entry_arrows,
          gammafunk_ghost_smash, chequers_mini_garden
D:5:      layout_loops_cross
D:6:      layout_layer_cave, nicolae_overflow_squiral,
          nicolae_gozag_seed_capital
D:7:      layout_basic, marbit_many_paths, uniq_menkaure
D:8:      layout_rooms, nicolae_sif_muna_condensation
Temple:   hellmonk_temple_divided_pantheon

Skill      XL: |  1  2  3  4  5  6  7  8  9 |
---------------+----------------------------+-----
Armour         | 4 5 6 7 8 |  8.0
Shields        | 4 5 6 7 8 |  8.0
Fighting       | 4 5 6 7 8 |  8.0
Long Blades    | 3 5 6 7 9 10 | 10.3

Action                     |  1- 3 |  4- 6 |  7- 9 || total
---------------------------+-------+-------+-------++-------
  Melee: Long sword        |   105 |    82 |   336 ||   523
         Headbutt          |    18 |    11 |    69 ||    98
    Use: Scroll            |     1 |     1 |     2 ||     4
         Potion            |       |     2 |     3 ||     5
   Stab: Sleeping          |     1 |       |       ||     1
         Invisible         |       |       |     1 ||     1
 Armour: Scale mail        |   128 |    72 |   110 ||   310
         Chain mail        |       |       |    44 ||    44
         Plate armour      |       |       |   129 ||   129
  Dodge: Dodged            |    54 |    28 |   124 ||   206
  Block: Buckler           |    29 |    25 |   105 ||   159

Table legend: (Time is in decaauts)
 A = Elapsed time spent in this place.
 B = Non-inter-level travel time spent in this place.
 C = Inter-level travel time spent in this place.
 D = Time resting spent in this place.
 E = Time spent auto-exploring this place.
 F = Levels seen in this place.
 G = Mean time per level.
                   A        B        C        D        E       F      G
               +--------+--------+--------+--------+--------+-----+--------+
         Total |   9325 |   8599 |    726 |   2179 |   5121 |   9 | 1036.1 |
       Dungeon |   8793 |   8092 |    701 |   1745 |   5121 |   8 | 1099.1 |
        Temple |    531 |    506 |     25 |    434 |      0 |   1 |  531.0 |
               +--------+--------+--------+--------+--------+-----+--------+

Top non-repeatable levels by time:
     D:5: 1750 daAuts
     D:6: 1549 daAuts
     D:3: 1303 daAuts
     D:7: 1267 daAuts
     D:4: 1137 daAuts
     D:1: 931 daAuts
     D:2: 741 daAuts
  Temple: 531 daAuts
     D:8: 111 daAuts
